 Dungeon Crawl Stone Soup version 0.30.0-15-g856e2d3f33 (webtiles) character file.

Game seed: 12714428663284593057

35 nomadicburrito the Trooper (level 3, -6/24 HPs)
             Began as a Gargoyle Monk on May 19, 2023.
             Mangled by Crazy Yiuf
             ... wielding a +3 quarterstaff of chaos
              (12 damage)
             ... on level 2 of the Dungeon.
             The game lasted 00:02:08 (818 turns).

nomadicburrito the Trooper (Gargoyle Monk)           Turns: 818, Time: 00:02:08

Health: -6/24      AC:  5    Str: 14    XL:     3   Next: 33%
Magic:  3/3        EV: 13    Int: 10    God:
Gold:   112        SH:  0    Dex: 14    Spells: 2/2 levels left

rFire   . .          .
                       - Unarmed
rCold   . . .        c - orb {light}
rNeg    + . .        a - +0 robe
rPois   ∞            (no helmet)
rElec   +            (no cloak)
rCorr   .            (no gloves)
SInv    .            (no boots)
Will    .....        (no amulet)
Stlth   +            (no ring)
HPRegen 0.24/turn    (no ring)
MPRegen 0.08/turn

%: no passive effects
@: attractive, glowing
A: sickness immunity, AC +3, negative energy resistance 1, electricity
resistance, torment resistance 1, petrification resistance
a: no special abilities


You were on level 2 of the Dungeon.
You visited 1 branch of the dungeon, and saw 2 of its levels.

You collected 112 gold pieces.

Inventory:

Armour
 a - a +0 robe (worn)
 c - an orb of light (worn)
Scrolls
 e - 3 scrolls of identify {unknown}
 g - a scroll of amnesia {unknown}
Potions
 b - a potion of ambrosia
 f - a potion of degeneration {unknown}
 h - a potion of magic {unknown}
 i - a potion of flight {unknown}


   Skills:
 * Level 3.9 Fighting
 * Level 2.9 Dodging
 + Level 0.9 Stealth
 - Level 3.2 Unarmed Combat


You had 2 spell levels left.
You didn't know any spells.
Your spell library was empty.

Dungeon Overview and Level Annotations

Branches:
Dungeon (2/15)

Altars:

Annotations:
D:2 Crazy Yiuf


Innate Abilities, Weirdness & Mutations

You are immune to sickness and miasma.
Your stone body is resilient. (AC +3)
You are immune to poison.
You resist negative energy. (rN+)
You are resistant to electric shocks. (rElec)
You are resistant to unholy torment.
You are immune to petrification.


Message History

You kill the adder!
No target in view!
No target in view!
No target in view!
No target in view!
No target in view!
No target in view!
No target in view!
No target in view!
No target in view!
No target in view!
No target in view!
No target in view!
No target in view!
No target in view!
No target in view!
No target in view!
No target in view!
No target in view!
Found a short sword.
You now have 104 gold pieces (gained 9).
You now have 112 gold pieces (gained 8).
Found a hammer.
Found a runed translucent door.
Sorry, you're not good enough to have a special ability.
It was a potion of attraction.
You feel attractive to monsters.
You open the door.
Crazy Yiuf whimpers, "Proton illywillydillykilly song!"
You hit Crazy Yiuf but do no damage. Crazy Yiuf closely misses you.
You hit Crazy Yiuf but do no damage.
Crazy Yiuf hits you with a +3 quarterstaff of chaos!
Ouch! That really hurt!
Crazy Yiuf freezes you.
* * * LOW HITPOINT WARNING * * *
You hit Crazy Yiuf.
Crazy Yiuf is moderately wounded.
Crazy Yiuf laughs, "Mountain chair turtle!"
Crazy Yiuf hits you with a +3 quarterstaff of chaos!
Ouch! That really hurt!
You die...

##########.#
.....
#..........#
#.########.# #.#
### ##.# #..#
#.###♣♣ ###
#.....♣♣ ♣♣#..)#
#......♣♣♣♣@g...#
##......♣..♣#...#
##....♣.♣♣♣ ###
###♣♣♣♣♣


You could see Crazy Yiuf.

Vanquished Creatures
  An adder (D:2)
  A dart slug (D:1)
  2 ball pythons (D:1)
  2 bats (D:1)
  2 giant cockroaches (D:1)
  3 goblins (D:1)
  2 hobgoblins
  2 kobolds (D:1)
  A quokka (D:1)
  3 frilled lizards (D:1)
  3 rats
22 creatures vanquished.

Notes
Turn   | Place    | Note
-------+----------+-------------------------------------------
     0 | D:1      | nomadicburrito the Gargoyle Monk began the quest for the
                  | Orb.
     0 | D:1      | Reached XP level 1. HP: 14/14 MP: 1/1
   110 | D:1      | Reached XP level 2. HP: 19/19 MP: 2/2
   495 | D:1      | Reached XP level 3. HP: 21/24 MP: 3/3
   810 | D:2      | Found a runed translucent door.
   811 | D:2      | Noticed Crazy Yiuf
   818 | D:2      | Mangled by Crazy Yiuf

Illustrated notes

Levels and vault maps discovered:
D:1:      minmay_arrival_cross, layout_rooms, serial_forest,
          infiniplex_forest_end_3, infiniplex_forest_corner_2,
          infiniplex_forest_diagonal, infiniplex_forest_clump_curved,
          infiniplex_forest_clump_double, infiniplex_forest_lined_2,
          infiniplex_forest_clump_large, infiniplex_forest_straight_4,
          infiniplex_forest_clump_C, infiniplex_forest_end_2
D:2:      layout_rooms, nicolae_ecumenical_oubliette, uniq_crazy_yiuf_cottage

Action                     || total
---------------------------++-------
  Melee: Unarmed           ||    71
    Use: Potion            ||     1
 Armour: Robe              ||    20
  Dodge: Dodged            ||    48
